 Dungeon Crawl Stone Soup version 0.29-a0-1027-gcd8c55af63 (webtiles) character file.

Game seed: 8292823724976632148

5371 27heaven the Basher (level 10, -10/71 HPs)
             Began as a Minotaur Artificer on Aug 12, 2022.
             Was an Elder of Okawaru.
             Mangled by an ice devil (16 damage)
             ... summoned by a kobold demonologist
             ... on level 8 of the Dungeon.
             The game lasted 00:20:55 (7371 turns).

27heaven the Basher (Minotaur Artificer)            Turns: 7371, Time: 00:20:56

Health: -10/71     AC:  9    Str: 26    XL:     10   Next: 39%
Magic:  14/15      EV:  6    Int:  8    God:    Okawaru [****..]
Gold:   486        SH: 24    Dex: 12    Spells: 17/17 levels left

rFire   . . .      SeeInvis +   x - +0 mace
rCold   . . .      Faith    .   n - +8 tower shield "Disusainae" {Regen+}
rNeg    . . .      Spirit   .   y - +0 chain mail
rPois   .          Reflect  .   (helmet restricted)
rElec   .          Harm     .   (no cloak)
rCorr   .          Rampage  .   q - +0 pair of gloves
Will    .....                   (no boots)
Stlth   ..........              (no amulet)
HPRegen 1.01/turn               j - +6 ring of strength
MPRegen 0.14/turn               E - ring of see invisible

@: about to teleport
A: horns 2, retaliatory headbutt
a: Renounce Religion, Heroism, Finesse


You were on level 8 of the Dungeon.
You worshipped Okawaru.
Okawaru was greatly pleased with you.
You visited 2 branches of the dungeon, and saw 10 of its levels.
You also visited: Ossuary.

You collected 486 gold pieces.

Inventory:

Hand Weapons
 g - a +0 arbalest
 x - a +0 mace (weapon)
Armour
 n - the +8 tower shield "Disusainae" (worn) {Regen+}
   (You found it on level 2 of the Dungeon)

   Regen:     It increases your rate of health regeneration.
 q - a +0 pair of gloves (worn)
 y - a +0 chain mail (worn)
Jewellery
 j - a +6 ring of strength (left hand)
 A - a ring of resist corrosion
 E - a ring of see invisible (right hand)
 F - a ring of protection from cold
 Q - a ring of ice
Wands
 c - a wand of flame (26) (quivered)
 d - a wand of charming (36)
 e - a wand of iceblast (8)
 f - a wand of digging (8)
Scrolls
 a - a scroll of silence {unknown}
 h - 9 scrolls of identify
 o - a scroll of enchant weapon {unknown}
 p - 2 scrolls of magic mapping {unknown}
 s - 2 scrolls of teleportation
 z - a scroll of noise {unknown}
 D - 3 scrolls of enchant armour {unknown}
 H - a scroll of fear {unknown}
 J - a scroll of vulnerability {unknown}
 K - a scroll of immolation {unknown}
 M - a scroll of poison {unknown}
 O - a scroll of torment {unknown}
 P - a scroll of brand weapon {unknown}
Potions
 b - 6 potions of brilliance {unknown}
 i - 4 potions of degeneration {unknown}
 k - 6 potions of curing
 l - 3 potions of might {unknown}
 m - a potion of berserk rage {unknown}
 r - 2 potions of heal wounds {unknown}
 t - 2 potions of cancellation {unknown}
 u - 2 potions of resistance {unknown}
 v - a potion of lignification {unknown}
 w - 2 potions of attraction {unknown}
 B - 2 potions of ambrosia {unknown}
 C - 3 potions of magic {unknown}
 G - a potion of haste {unknown}
 I - a potion of mutation {unknown}
 L - a potion of flight {unknown}
 N - 3 potions of invisibility {unknown}


   Skills:
 - Level 1.2 Fighting
 + Level 12.0 Maces & Flails
 - Level 2.4 Armour
 - Level 1.1 Dodging
 - Level 0.7 Stealth
 + Level 11.5 Shields
 + Level 4.3 Spellcasting
 - Level 2.6 Evocations


You had 17 spell levels left.
You didn't know any spells.
Your spell library contained the following spells:

 Spells                   Type           Power      Damage    Failure   Level
 Sandblast                Erth           2%         2d4       100%        1
 Passwall                 Tmut/Erth      0%         N/A       100%        2
 Sublimation of Blood     Necr           1%         N/A       100%        2
 Stone Arrow              Conj/Erth      2%         3d7       100%        3
 Petrify                  Tmut/Erth      1%         N/A       100%        4
 Irradiate                Conj/Tmut      0%         3d11      100%        5


Dungeon Overview and Level Annotations

Branches:
Dungeon (9/15)             Temple (1/1) D:6            Lair (0/5) D:8
Ossuary (visited)
    Orc: D:9-12

Altars:
Ashenzari
Dithmenos
Elyvilon
Fedhas
Gozag
Hepliaklqana
Kikubaaqudgha
Makhleb
Nemelex Xobeh
Okawaru
Qazlal
Ru
Sif Muna
Trog
Vehumet
Wu Jian
Xom
Zin
The Shining One

Shops:
D:2 [[=   D:6 *   D:7 *


Innate Abilities, Weirdness & Mutations

You have a pair of horns on your head.
You reflexively headbutt those who attack you in melee.


Message History

You miss the killer bee.
The killer bee is heavily wounded.
You block the killer bee's attack. x2
You thump the killer bee!
You kill the killer bee!
Okawaru accepts your kill.
The kobold demonologist casts a cantrip, but nothing happens.
You block the killer bee's attack.
You bludgeon the killer bee!!
You kill the killer bee!
Okawaru accepts your kill.
The kobold demonologist looks braver for a moment.
You block the ice devil's attack.
Things that are here:
a killer bee corpse; a killer bee corpse You barely miss the ice devil.
You block the ice devil's attack.
The kobold demonologist mumbles some strange words.
The iron imp disappears for a moment.
You hit the ice devil. Your headbutt misses the ice devil.
The ice devil is lightly wounded.
The ice devil hits you! The ice devil freezes you!
You sock the ice devil! You headbutt the ice devil.
The ice devil is moderately wounded.
You block the ice devil's attack.
You hit the ice devil but do no damage. Your headbutt misses the ice devil.
The ice devil is moderately wounded.
You block the ice devil's attack.
You sock the ice devil! Your headbutt misses the ice devil.
The ice devil is heavily wounded.
The ice devil hits you! The ice devil freezes you!!
* * * LOW HITPOINT WARNING * * *
You feel like a meek peon again.
Okay, then.
As you read the scroll of teleportation, it crumbles to dust.
You feel strangely unstable.
The ice devil hits you but does no damage.
The ice devil attacks as you move away! The ice devil hits you.
* * * LOW HITPOINT WARNING * * *
The ice devil freezes you!
You die...

.###.............## .#
##.##.#.......# .#
#.##.#...>...# .#
#.##.#.......##### .#
##.##.####.545....#
.###.......)...54###.#
......##.#######K# #.#
#####.##.# #4# #.#
#.##.# ##@###.# #....#
##...##.# ###..#
#.....#.# #..#
#.......# #..##
#.....### #...#
#....## #.#.####.#.##
#######.....##.#.#
......#.....##.#.#


You could see 2 ice devils, a rust devil (summoned), a kobold demonologist, an
iron imp (summoned) and a crimson imp (summoned).

Vanquished Creatures
  A two-headed ogre (D:8)
  Pikel (D:5)
  Joseph (D:7)
  3 komodo dragons (D:8)
  A wyvern (D:8)
  A wraith (Ossuary)
  3 basilisks (D:8)
  A steam dragon (D:6)
  An acid dragon (D:7)
  3 water moccasins (D:7)
  An ice beast (D:5)
  An orc warrior (D:8)
  A swamp drake (D:8)
  3 ogres
  A centaur (D:7)
  2 lemures
  2 bullfrogs
  2 scorpions
  4 wights (D:8)
  2 killer bees (D:8)
  4 howler monkeys
  2 jellies
  2 hounds (D:5)
  4 orc priests
  Natasha (twice) (D:2)
  5 iguanas
  3 orc wizards
  3 mummies (Ossuary)
  5 adders
  A shadow imp (D:6)
  An ufetubus (D:3)
  6 worms
  3 dart slugs
  14 orcs
  11 endoplasms
  2 giant cockroaches
  A gnoll zombie (Ossuary)
  11 goblins
  6 hobgoblins
  2 jackals (D:4)
  A quokka (D:4)
  7 ball pythons
  5 bats
  4 frilled lizards
  7 goblin zombies (Ossuary)
  3 hobgoblin zombies (Ossuary)
  10 kobolds
  2 kobold zombies (Ossuary)
  5 rats
167 creatures vanquished.

Vanquished Creatures (others)
  6 plants (D:6)
6 creatures vanquished.

Grand Total: 173 creatures vanquished

Notes
Turn   | Place    | Note
-------+----------+-------------------------------------------
     0 | D:1      | 27heaven the Minotaur Artificer began the quest for the
                  | Orb.
     0 | D:1      | Reached XP level 1. HP: 16/16 MP: 0/0
    58 | D:1      | Reached skill level 1 in Maces & Flails
   158 | D:1      | Reached skill level 2 in Maces & Flails
   163 | D:1      | Reached XP level 2. HP: 21/23 MP: 1/1
   464 | D:1      | Reached skill level 3 in Maces & Flails
   911 | D:1      | Reached XP level 3. HP: 28/28 MP: 2/2
   974 | D:2      | Found Giobroj's Jewellery Emporium.
  1009 | D:2      | Identified the +8 tower shield "Disusainae" {Regen+}
  1022 | D:2      | Found Xoxte's Armour Emporium.
  1089 | D:2      | Noticed Natasha
  1104 | D:2      | Killed Natasha
  1105 | D:2      | Reached skill level 4 in Maces & Flails
  1105 | D:2      | Reached skill level 1 in Shields
  1105 | D:2      | Reached XP level 4. HP: 21/35 MP: 3/3
  1370 | D:2      | Found Gudwia's Book Shop.
  1420 | D:2      | Found Kovaola's Antique Armour Shoppe.
  1532 | D:2      | Noticed Natasha
  1541 | D:2      | Killed Natasha
  1586 | D:2      | Found a faded altar of an unknown god.
  1863 | D:3      | Reached XP level 5. HP: 40/40 MP: 4/4
  2384 | D:4      | Reached skill level 5 in Maces & Flails
  2654 | D:4      | Noticed an ogre
  2669 | D:4      | Killed an ogre
  2670 | D:4      | Reached XP level 6. HP: 10/47 MP: 5/5
  2966 | D:4      | Reached skill level 6 in Maces & Flails
  2987 | D:4      | Reached skill level 5 in Shields
  3043 | D:5      | Entered Level 5 of the Dungeon
  3157 | D:5      | Noticed Pikel
  3270 | D:5      | Killed Pikel
  3271 | D:5      | Reached skill level 7 in Maces & Flails
  3271 | D:5      | Reached XP level 7. HP: 43/52 MP: 6/6
  3292 | D:5      | Reached skill level 8 in Maces & Flails
  3397 | D:5      | Found a sacrificial altar of Ru.
  3400 | D:5      | Found a broken altar of Ashenzari.
  3430 | D:5      | Reached XP level 8. HP: 59/59 MP: 7/7
  3542 | D:6      | Found Huj Suem's Assorted Antiques.
  3572 | D:6      | Found a staircase to the Ecumenical Temple.
  3582 | Temple   | Entered the Ecumenical Temple
  3797 | Temple   | Became a worshipper of Warmaster Okawaru
  4272 | D:6      | Reached skill level 9 in Maces & Flails
  4626 | D:7      | Noticed a two-headed ogre
  4674 | D:7      | Found a sand-covered staircase.
  4683 | Ossuary  | Entered an ossuary
  4975 | Ossuary  | Reached * piety under Okawaru
  5259 | D:7      | Reached skill level 1 in Spellcasting
  5463 | D:7      | Found a blossoming altar of Fedhas.
  5492 | D:7      | Found an opulent altar of Gozag.
  5544 | D:7      | Noticed Joseph
  5606 | D:7      | Killed Joseph
  5607 | D:7      | Reached skill level 10 in Maces & Flails
  5607 | D:7      | Reached XP level 9. HP: 63/64 MP: 9/11
  5689 | D:7      | Found a glowing silver altar of Zin.
  5756 | D:7      | Found Zurghob's Serpentskin Sales.
  5770 | D:7      | Reached ** piety under Okawaru
  5883 | D:7      | Found a glowing golden altar of the Shining One.
  6104 | D:8      | Reached skill level 10 in Shields
  6179 | D:8      | Noticed a two-headed ogre
  6197 | D:8      | Noticed a komodo dragon
  6205 | D:8      | Killed a komodo dragon
  6279 | D:8      | Reached skill level 11 in Maces & Flails
  6289 | D:8      | Noticed a komodo dragon
  6304 | D:8      | Killed a komodo dragon
  6438 | D:8      | Reached *** piety under Okawaru
  6492 | D:7      | Reached XP level 10. HP: 71/71 MP: 14/14
  6649 | D:8      | Killed a two-headed ogre
  6951 | D:8      | Reached **** piety under Okawaru
  6952 | D:8      | Reached skill level 12 in Maces & Flails
  7182 | D:8      | Found a staircase to the Lair.
  7360 | D:8      | Noticed a rust devil
  7371 | D:8      | Mangled by an ice devil

Illustrated notes

Levels and vault maps discovered:
D:1:      doesnt_arrival_eight_statues, layout_loops_ring, minmay_heptomino_o4
D:2:      layout_loops_ring, ebering_ecumenical_altar_webs, serial_shops, shop,
          nicolae_shop_statue_plus, nicolae_diamond_shop, nicolae_diamond_shop,
          grunt_decor_arrowhead, uniq_natasha
D:3:      layout_rooms
D:4:      minmay_bubble_buster, layout_basic
D:5:      layout_rooms, nicolae_overflow_hidden_temple, uniq_pikel
D:6:      layout_basic, minmay_temple_entry_gardened_gates, serial_shops, shop,
          chequers_serial_rivers_large_a
D:7:      layout_basic, zin_treasury, mainiacjoe_overflow_two_lobes,
          mainiacjoe_overflow_small_starburst, chequers_ossuary_entry_cave,
          guppyfry_shop_venom, uniq_joseph
D:8:      layout_loops_ring, erik_lair_dragon
D:9:      minmay_the_grid_octo_tiled_octocenter [minmay_the_grid_octo_teeth,
          minmay_the_grid_octo_tetromino_candy, minmay_the_grid_octo_chip,
          minmay_the_grid_octo_clover_2,
          minmay_the_grid_octo_prize_single_spiral,
          minmay_the_grid_square_5x5_slash,
          minmay_the_grid_square_5x5_checkered,
          minmay_the_grid_square_5x5_one_wall,
          minmay_the_grid_square_5x5_forky], layout_cave_pods,
          chequers_temple_overflow_minitemple
Temple:   nicolae_temple_figure_eight

Skill      XL: |  1  2  3  4  5  6  7  8  9 10 |
---------------+-------------------------------+-----
Maces & Flails | 2 3 4 5 7 8 10 11 12 | 12.0
Shields        | 1 2 4 6 7 9 10 11 | 11.5
Spellcasting   | 2 3 4 |  4.3
Fighting       | |  1.2
Armour         | |  2.4
Dodging        | |  1.1
Stealth        | |  0.7
Evocations     | |  2.6

Action                   |  1- 3 |  4- 6 |  7- 9 | 10-12 || total
-------------------------+-------+-------+-------+-------++-------
Melee: Club              |    69 |   158 |       |       ||   227
       Headbutt          |    14 |    44 |    57 |    27 ||   142
       Punch             |     1 |       |       |       ||     1
       Mace              |       |   105 |   284 |   115 ||   504
 Fire: Arbalest          |    12 |       |       |       ||    12
Invok: Heroism           |       |       |     1 |     2 ||     3
Evoke: Wand              |       |     3 |       |       ||     3
  Use: Scroll            |       |       |     2 |     1 ||     3
       Potion            |       |       |     2 |       ||     2
Armor: Leather armour    |     1 |       |       |       ||     1
       Ring mail         |    21 |    36 |       |       ||    57
       Chain mail        |       |    23 |    50 |    19 ||    92
Dodge: Dodged            |    29 |    31 |    21 |     5 ||    86
Block: Tower shield      |    28 |   282 |   277 |   114 ||   701

Table legend: (Time is in decaauts)
 A = Elapsed time spent in this place.
 B = Non-inter-level travel time spent in this place.
 C = Inter-level travel time spent in this place.
 D = Time resting spent in this place.
 E = Time spent auto-exploring this place.
 F = Levels seen in this place.
 G = Mean time per level.
                   A        B        C        D        E       F      G
               +--------+--------+--------+--------+--------+-----+--------+
         Total |   7648 |   7276 |    372 |     49 |   4700 |  11 |  695.3 |
       Dungeon |   6849 |   6477 |    372 |     49 |   4294 |   9 |  761.0 |
        Temple |    225 |    225 |      0 |      0 |    196 |   1 |  225.0 |
       Ossuary |    573 |    573 |      0 |      0 |    210 |   1 |  573.0 |
               +--------+--------+--------+--------+--------+-----+--------+

Top non-repeatable levels by time:
     D:8: 1280 daAuts
     D:1: 993 daAuts
     D:7: 923 daAuts
     D:6: 919 daAuts
     D:4: 884 daAuts
     D:2: 822 daAuts
 Ossuary: 573 daAuts
     D:3: 554 daAuts
     D:5: 468 daAuts
  Temple: 225 daAuts
     D:9: 3 daAuts
